 Dungeon Crawl Stone Soup version 0.29.1-1-gd02db69 (webtiles) character file.

Game seed: 12175969346610737188

103 ZNork the Chopper (level 4, 0/41 HPs)
             Began as a Hill Orc Berserker on Nov 30, 2022.
             Was a Follower of Beogh.
             Slain by a polar bear (16 damage)
             ... created by the rage of Trog
             ... on level 2 of the Dungeon.
             The game lasted 00:19:02 (2871 turns).

ZNork the Chopper (Hill Orc Berserker)              Turns: 2871, Time: 00:19:02

Health: 0/41       AC:  6    Str: 21    XL:     4   Next: 79%
Magic:  4/4        EV: 10    Int:  7    God:    Beogh [*.....]
Gold:   121        SH:  5    Dex: 10    Spells: 3/3 levels left

rFire   + . .      SeeInvis .   a - +0 hand axe
rCold   x . .      Faith    .   (no shield)
rNeg    . . .      Spirit   .   i - +0 scale mail
rPois   .          Reflect  +   (no helmet)
rElec   .          Harm     .   (no cloak)
rCorr   .          Rampage  .   (no gloves)
Will    .....                   (no boots)
Stlth   ..........              k - amulet of reflection
HPRegen 0.13/turn               w - ring of fire
MPRegen 0.09/turn               (no ring)

@: no status effects
A: no striking features
a: Renounce Religion


You were on level 2 of the Dungeon.
You worshipped Beogh.
Beogh was aware of your devotion.
You visited 1 branch of the dungeon, and saw 2 of its levels.

You collected 121 gold pieces.

Inventory:

Hand Weapons
 a - a +0 hand axe (weapon)
 d - a +0 club
 f - a +0 dagger
 l - a +0 whip
 o - a +0 club
 q - a +0 flail
 r - a +0 club
 t - a -1 short sword
 C - a +2 whip of draining
 E - a +0 falchion
Missiles
 c - 21 stones (quivered)
 h - 6 javelins
Armour
 b - a +0 animal skin
 i - a +0 scale mail (worn)
 u - a +0 robe
 F - a +0 scale mail
 H - a +0 scale mail
Jewellery
 k - an amulet of reflection (around neck)
 w - a ring of fire (left hand)
Wands
 G - a wand of mindburst (19)
Scrolls
 g - a scroll of fog {unknown}
 j - a scroll of teleportation {unknown}
 m - a scroll of identify {unknown}
 v - a scroll of blinking {unknown}
 x - a scroll of silence {unknown}
 y - a scroll of magic mapping {unknown}
 B - a scroll of acquirement {unknown}
 D - a scroll of amnesia {unknown}
Potions
 e - a potion of attraction {unknown}
 n - 2 potions of curing {unknown}
 p - a potion of ambrosia {unknown}
 s - 2 potions of heal wounds {unknown}
 z - 2 potions of mutation {unknown}
 A - a potion of degeneration {unknown}
 I - a potion of lignification {unknown}


   Skills:
 + Level 4.3 Fighting
 + Level 5.6 Axes
 + Level 3.1 Armour
 + Level 1.9 Dodging
 + Level 0.2 Shields


You had 3 spell levels left.
You didn't know any spells.
Your spell library was empty.

Dungeon Overview and Level Annotations

Branches:
Dungeon (2/15)

Altars:
Beogh


Message History

You kill the goblin!
Beogh accepts your kill.
c - 16 stones (gained 1)
You see here a +0 club.
c - 21 stones (gained 5)
Found a stone staircase leading down.
There is an open door here.
Found a curved brass wand.
Found a metallic black potion.
G - a wand of mindburst (19)
s - 2 metallic black potions (gained 1)
Found a scale mail.
You see here a +0 scale mail.
H - a +0 scale mail
Found an amethyst potion.
Found 8 gold pieces.
n - 2 amethyst potions (gained 1)
You now have 121 gold pieces (gained 8).
You see here a +0 scimitar.
Found a viscous ruby potion.
I - a viscous ruby potion
There is an open door here.
You see here a +0 club.
You see here a +0 club.
You see here a +0 club.
Trog sends monsters to punish you. 3 polar bears and 2 black bears come into view.
As you open the door, it creaks loudly! The polar bear bites you!
The polar bear misses you. The polar bear barely misses you.
There is an open door, spattered with blood here.
You hit the polar bear.
The polar bear is lightly wounded.
The polar bear bites you! The polar bear closely misses you.
You block the polar bear's attack.
The polar bear rages.
The polar bear closely misses you. x2
The polar bear claws you but does no damage.
The polar bear bites you!
You die...

#.........'.....#....##.# ##
#.........#####.#.....#)###.####
##.........#####.#.....#.#.....
##.............#.#.....#.#.#.####
...............'............>....
.#.#######.....#.#.........#.#...
.#.# ###########.##....#.###.#...
...# #......# #.#.......).#.##..
#### #......# ##@#h#####.#.#.....
# #......# #.hhh......#.#.#### #
#......# #.h....#####.#.#
######......# #......'.....#'##
.....#......###......######...#
.....'...................##...#
.....#########.#########.##...#
.............))...#......##...#
######....####.......##..##...#


You could see 2 polar bears and 2 black bears.

Vanquished Creatures
  Terence (D:2)
  4 adders (D:2)
  3 bats
  2 endoplasms
  2 giant cockroaches (D:2)
  6 goblins
  A hobgoblin (D:2)
  6 kobolds
  2 quokkas
  3 frilled lizards
  17 rats
47 creatures vanquished.

Notes
Turn   | Place    | Note
-------+----------+-------------------------------------------
     0 | D:1      | ZNork the Hill Orc Berserker began the quest for the Orb.
     0 | D:1      | Reached XP level 1. HP: 19/19 MP: 1/1
   644 | D:1      | Reached XP level 2. HP: 18/27 MP: 2/2
  1000 | D:1      | Reached ** piety under Trog
  1096 | D:1      | Found a faded altar of an unknown god.
  1267 | D:1      | Prayed at the altar of an unknown god.
  1267 | D:1      | Fell from the grace of Trog
  1267 | D:1      | Became a worshipper of Beogh the Brigand
  1267 | D:1      | Reached * piety under Beogh
  1334 | D:1      | Reached XP level 3. HP: 30/33 MP: 3/3
  1660 | D:2      | Reached skill level 5 in Axes
  1967 | D:2      | Paralysed by Trog for 4 turns
  2185 | D:2      | Noticed Terence
  2206 | D:2      | Killed Terence
  2207 | D:2      | Reached XP level 4. HP: 18/41 MP: 4/4
  2869 | D:2      | Noticed a polar bear
  2869 | D:2      | Noticed a polar bear
  2869 | D:2      | Noticed a polar bear
  2869 | D:2      | Noticed a black bear
  2869 | D:2      | Noticed a black bear
  2871 | D:2      | Slain by a polar bear

Illustrated notes

Levels and vault maps discovered:
D:1:      nzn_arrival_water_spiral, layout_rooms, ebering_ecumenical_altar_rust,
          minmay_rat_gold_closets
D:2:      layout_basic, grunt_ministairs_11, moated_statue,
          minmay_misc_feat_tiny, amcnicky_mini_rare_corridor_liquid,
          uniq_terence, uniq_robin

Skill      XL: |  1  2  3  4 |
---------------+-------------+-----
Fighting       | 4 |  4.3
Axes           | 5 |  5.6
Armour         | 3 |  3.1
Dodging        | |  1.9
Shields        | |  0.2

Action                   |  1- 3 |  4- 6 || total
-------------------------+-------+-------++-------
Melee: Hand axe          |   156 |    44 ||   200
       Punch             |       |     1 ||     1
Armor: Animal skin       |    12 |       ||    12
       Scale mail        |    33 |    21 ||    54
Dodge: Dodged            |    92 |    33 ||   125
Block: Other             |    25 |    11 ||    36
       Reflection        |     1 |       ||     1
